 Dungeon Crawl Stone Soup version 0.31.0-32-g396128a36d (webtiles) character file.

Game seed: 6960020528369946064

656 Peloso the Slasher (level 7, -2/62 HPs)
             Began as a Minotaur Fighter on Apr 6, 2024.
             Slain by a gnoll bouda
             ... wielding a +0 whip
              (8 damage)
             ... on level 4 of the Dungeon.
             The game lasted 00:04:57 (3766 turns).

Peloso the Slasher (Minotaur Fighter)               Turns: 3766, Time: 00:04:58

Health: -2/62      AC:  7    Str: 21    XL:     7   Next: 29%
Magic:  6/6        EV: 10    Int:  5    God:
Gold:   181        SH:  5    Dex: 11    Spells: 6/6 levels left

rFire   . . .        a - +0 long sword
rCold   . . .        c - +0 buckler
rNeg    . . .        b - +0 scale mail
rPois   .            (helmet restricted)
rElec   .            (no cloak)
rCorr   .            (no gloves)
SInv    .            (no boots)
Will    .....        (no amulet) Stlth
                     (no ring)
HPRegen 0.30/turn    (no ring)
MPRegen 0.10/turn

%: no passive effects
@: weakened
A: horns 2, retaliatory headbutt
a: no special abilities


You were on level 4 of the Dungeon.
You visited 1 branch of the dungeon, and saw 4 of its levels.

You collected 181 gold pieces.

Inventory:

Hand Weapons
 a - a +0 long sword (weapon)
Missiles
 j - a throwing net (quivered)
Armour
 b - a +0 scale mail (worn)
 c - a +0 buckler (worn)
Talismans
 g - a granite talisman
Wands
 n - a wand of flame (18)
Scrolls
 f - a scroll of fear {unknown}
 h - a scroll of revelation {unknown}
 i - 2 scrolls of amnesia
 m - a scroll of teleportation
 o - 2 scrolls of vulnerability {unknown}
 q - a scroll of identify {unknown}
Potions
 d - 3 potions of might
 e - a potion of haste
 k - 2 potions of heal wounds {unknown}
 l - a potion of mutation {unknown}
 p - a potion of invisibility {unknown}


   Skills:
 + Level 5.7 Fighting
 + Level 6.2 Long Blades
 + Level 5.8 Armour
 + Level 1.4 Dodging
 + Level 5.1 Shields


You had 6 spell levels left.
You didn't know any spells.
Your spell library contained the following spells:

 Spells                   Type           Power      Damage    Failure   Level
 Magic Dart               Conj           0%         1d3       86%         1
 Ensorcelled Hibernation  Hex/Ice        0%         N/A       94%         2
 Searing Ray              Conj           0%         2d4       94%         2
 Passwall                 Erth           0%         N/A       99%         3
 Swiftness                Air            0%         N/A       99%         3
 Fulminant Prism          Conj/Alch      0%         3d5       100%        4


Dungeon Overview and Level Annotations

Branches:
Dungeon (4/15)
 Temple: D:4-7

Altars:


Innate Abilities, Weirdness & Mutations

You have a pair of horns on your head.
You reflexively headbutt those who attack you in melee.


Message History

The gnoll bouda attacks as it pursues you!
The gnoll bouda barely misses you. You furiously retaliate!
You headbutt the gnoll bouda. You block the gnoll's attack.
You hit the gnoll bouda.
The gnoll bouda is moderately wounded.
The gnoll bouda gazes fiercely through you!
You feel your attacks grow feeble. You block the gnoll bouda's attack.
The gnoll hits you from afar with a +0 spear.
You hit the gnoll bouda.
The gnoll bouda is moderately wounded.
The gnoll barely misses you. The gnoll hits you with a +0 flail.
The gnoll hits you but does no damage. The gnoll hits you with a +0 spear.
The gnoll bouda closely misses you.
You barely miss the gnoll. Your headbutt misses the gnoll.
The gnoll is almost dead.
The gnoll hits you with a +0 flail. The gnoll hits you but does no damage.
The gnoll bouda closely misses you. You furiously retaliate!
You headbutt the gnoll bouda. The gnoll closely misses you.
You block the gnoll's attack.
You barely miss the gnoll bouda.
The gnoll bouda is heavily wounded.
The gnoll is no longer moving quickly.
The gnoll hits you but does no damage.
The gnoll bouda gazes fiercely through you!
You feel as though you will be weak longer.
The gnoll bouda closely misses you. You furiously retaliate!
You headbutt the gnoll bouda. You block the gnoll's attack.
The gnoll hits you with a +0 flail.
The gnoll bouda gazes fiercely through you!
You feel as though you will be weak longer.
The gnoll bouda hits you with a +0 whip!
* * * LOW HITPOINT WARNING * * *
The gnoll hits you from afar with a +0 spear.
* * * LOW HITPOINT WARNING * * *
The gnoll is no longer moving quickly.
The gnoll bouda gazes fiercely through you!
You feel as though you will be weak longer.
The gnoll bouda attacks as it pursues you!
The gnoll bouda hits you with a +0 whip!
You die...

.....)###.........#######
......###......##..# #########
.......#.........######.......###
.....†...........................
.#.....##.....>....###........###
........#......†#### ####.#####
....#...#........# ###
.......#........###########
.......♣♣♣♣♣....@##......(#
♣.♣♣~♣~♣♣♣♣~P♣♣.gggg......#
~♣~P~~~~~~~P~~♣♣~~♣####....
~~~~~~≈≈≈≈P~~~~~~~♣ .
~♣~~♣≈≈≈≈≈~≈≈≈~~~P~
~~♣~~≈≈≈≈≈≈≈≈≈≈~~~♣~
~~~≈≈≈≈≈≈≈≈≈≈≈≈≈~~~~~
~~~≈≈≈≈≈≈≈≈≈≈≈≈≈~~P ♣
~P~~≈≈≈≈≈≈≈≈≈≈≈≈~~P


You could see a gnoll bouda and 3 gnolls.

Vanquished Creatures
  Sigmund (D:4)
  A phantom (D:4)
  A scorpion (D:4)
  A jelly (D:4)
  A bombardier beetle (D:4)
  A hound (D:4)
  An iguana (D:4)
  8 gnolls
  8 adders
  2 dart slugs
  A ribbon worm (D:4)
  3 orcs
  7 ball pythons
  10 endoplasms
  6 giant cockroaches
  6 goblins
  7 hobgoblins
  3 jackals (D:4)
  5 quokkas
  7 bats
  2 frilled lizards
  6 kobolds
  9 rats
97 creatures vanquished.

Notes
Turn   | Place    | Note
-------+----------+-------------------------------------------
     0 | D:1      | Peloso the Minotaur Fighter began the quest for the Orb.
     0 | D:1      | Reached XP level 1. HP: 19/19 MP: 0/0
   206 | D:1      | Reached XP level 2. HP: 27/27 MP: 1/1
   864 | D:2      | Reached XP level 3. HP: 33/33 MP: 2/2
   897 | D:2      | Reached skill level 3 in Long Blades
   902 | D:2      | Reached XP level 4. HP: 22/40 MP: 3/3
  1598 | D:3      | Reached XP level 5. HP: 47/47 MP: 4/4
  1924 | D:3      | Reached skill level 4 in Long Blades
  2195 | D:3      | Reached skill level 5 in Armour
  2784 | D:4      | Reached XP level 6. HP: 18/55 MP: 5/5
  2806 | D:4      | Noticed Sigmund
  2934 | D:4      | Killed Sigmund
  2935 | D:4      | Reached skill level 5 in Fighting
  2935 | D:4      | Reached skill level 5 in Long Blades
  2935 | D:4      | Reached skill level 1 in Dodging
  2935 | D:4      | Reached skill level 5 in Shields
  3125 | D:4      | Reached XP level 7. HP: 61/61 MP: 6/6
  3207 | D:4      | Identified the +6 short sword of Havoc {freeze, rN+ Will+
                  | Int+6 Stlth-}
  3240 | D:4      | Reached skill level 6 in Long Blades
  3766 | D:4      | Slain by a gnoll bouda

Illustrated notes

Levels and vault maps discovered:
D:1:      dreamdust_arrival_beginning_and_end, layout_loops_ring,
          minmay_misc_feat_ornament
D:2:      layout_rooms, minmay_heptomino_w4
D:3:      layout_basic, minmay_increasing_density
D:4:      layout_layer_cave, serial_bayou, serial_bayou_pond_c,
          serial_bayou_lake_a, serial_bayou_pond_c, serial_bayou_ford_a,
          uniq_sigmund

Skill      XL: |  1  2  3  4  5  6  7 |
---------------+----------------------+-----
Armour         | 4 5 |  5.8
Fighting       | 4 5 |  5.7
Shields        | 4 5 |  5.1
Long Blades    | 3 4 5 6 |  6.2
Dodging        | 1 |  1.4

Action                     |  1- 3 |  4- 6 |  7- 9 || total
---------------------------+-------+-------+-------++-------
  Melee: Long sword        |    61 |   167 |    32 ||   260
         Headbutt          |     8 |    26 |     3 ||    37
    Use: Scroll            |     1 |     1 |       ||     2
         Potion            |     1 |       |       ||     1
 Armour: Scale mail        |    41 |   114 |    36 ||   191
  Dodge: Dodged            |    33 |    84 |    20 ||   137
  Block: Buckler           |    14 |    51 |    14 ||    79
